SA
CONNETQUOT CHIEFS @ LOUISIANA DRAGOONS
09/04/2025
 
TOP OF THE 1ST
Connetquot Chiefs batting - Pitching for Louisiana Dragoons : RHP António Andrade
Pitching: RHP António Andrade
Batting: RHB Dale Quick 0-0: Ground out 5-3 (Groundball, 5S)
Batting: RHB Javier Cordero 0-0: Ball
1-0: Foul Ball, location: 2F
1-1: Foul Ball, location: 2F
1-2: Ground out 4-3 (Groundball, 4M)
Batting: SHB Jim Unknown 0-0: Fly out, F9 (Flyball, 9LSF)
Top of the 1st over - 0 run(s), 0 hit(s), 0 error(s), 0 left on base; Connetquot 0 - Louisiana 0
BOTTOM OF THE 1ST
Louisiana Dragoons batting - Pitching for Connetquot Chiefs : RHP Cooper Myers
Pitching: RHP Cooper Myers
Batting: RHB Charles Rowell 0-0: Fly out, F3 (Line Drive, 3)
Batting: RHB Emmanuele Lucchetti 0-0: Fly out, F7 (Flyball, 7LMF)
Batting: RHB Anastasio Hernández 0-0: Ball
1-0: Foul Ball, location: 2F
1-1: Swinging Strike
1-2: SINGLE (Line Drive, 9LM)
Batting: RHB Warren Willis 0-0: Ball
1-0: Ball
2-0: Ball
3-0: Called Strike
3-1: Fly out, F9 (Flyball, 9S)
Bottom of the 1st over - 0 run(s), 1 hit(s), 0 error(s), 1 left on base; Connetquot 0 - Louisiana 0
TOP OF THE 2ND
Connetquot Chiefs batting - Pitching for Louisiana Dragoons : RHP António Andrade
Batting: RHB Ed Gambrell 0-0: Called Strike
0-1: Ground out 6-3 (Groundball, 6)
Batting: SHB Josh Sanders 0-0: Called Strike
0-1: Ball
1-1: Ball
2-1: Foul Ball, location: 2F
2-2: Ball
3-2: Foul Ball, location: 2F
3-2: Foul Ball, location: 2F
3-2: Base on Balls
Batting: LHB Steve Sconiers 0-0: Called Strike
Josh Sanders steals 2nd base
0-1: Ball
1-1: Foul Ball, location: 2F
1-2: Foul Ball, location: 2F
1-2: Ball
2-2: Foul Ball, location: 2F
2-2: Ball
3-2: Strikes out swinging
Batting: RHB Emanuel Bree 0-0: Foul Ball, location: 2F
0-1: DOUBLE (Line Drive, 9LM)
Josh Sanders scores
Batting: RHB Otis Brewer 0-0: Ball
1-0: Ball
2-0: Fly out, F7 (Flyball, 7LSF)
Top of the 2nd over - 1 run(s), 1 hit(s), 0 error(s), 1 left on base; Connetquot 1 - Louisiana 0
BOTTOM OF THE 2ND
Louisiana Dragoons batting - Pitching for Connetquot Chiefs : RHP Cooper Myers
Batting: LHB Scott Kerin 0-0: Called Strike
0-1: Ball
1-1: Called Strike
1-2: Ball
2-2: Ball
3-2: SINGLE (Line Drive, 56D)
Batting: RHB Miklas Boerboom 0-0: Called Strike
0-1: SINGLE (Groundball, 6MD)
Scott Kerin to second
Runner from 2nd tries for 3rd, SAFE, throw made to third
Batting: RHB Armando Carmona 0-0: Ball
1-0: Foul Ball, location: 2F
1-1: Ball
2-1: Foul Ball, location: 2F
2-2: Ball
3-2: Fly out, F9 (Flyball, 89M)
Runner from 3rd tags up, SCORES, throw made
Batting: RHB Jeremy Boyter 0-0: Ball
1-0: Fielders Choice at 2nd, 6-4 (Groundball, 6)
Batting: RHB Giuseppe Provolone 0-0: Called Strike
Jeremy Boyter steals 2nd base
0-1: Foul Ball, location: 2F
0-2: Ground out 6-3 (Groundball, 6)
Bottom of the 2nd over - 1 run(s), 2 hit(s), 0 error(s), 1 left on base; Connetquot 1 - Louisiana 1
TOP OF THE 3RD
Connetquot Chiefs batting - Pitching for Louisiana Dragoons : RHP António Andrade
Batting: LHB Pedro Colón 0-0: Called Strike
0-1: Called Strike
0-2: Ball
1-2: Ball
2-2: Strikes out swinging
Batting: RHB Dale Quick 0-0: Called Strike
0-1: Ball
1-1: Swinging Strike
1-2: Foul Ball, location: 2F
1-2: Foul Ball, location: 2F
1-2: Foul Ball, location: 2F
1-2: Foul Ball, location: 2F
1-2: Ball
2-2: Foul Ball, location: 2F
2-2: Ground out 4-3 (Groundball, 4)
Batting: RHB Javier Cordero 0-0: Ball
1-0: Called Strike
1-1: Ball
2-1: Ball
3-1: Fly out, F9 (Flyball, 9S)
Top of the 3rd over - 0 run(s), 0 hit(s), 0 error(s), 0 left on base; Connetquot 1 - Louisiana 1
BOTTOM OF THE 3RD
Louisiana Dragoons batting - Pitching for Connetquot Chiefs : RHP Cooper Myers
Batting: RHB Charles Rowell 0-0: Foul Ball, location: 2F
0-1: Swinging Strike
0-2: Strikes out swinging
Batting: RHB Emmanuele Lucchetti 0-0: Ball
1-0: Called Strike
1-1: Foul Ball, location: 2F
1-2: Ball
2-2: SINGLE (Line Drive, 78M)
Batting: RHB Anastasio Hernández 0-0: Ball
1-0: 2-RUN HOME RUN (Flyball, 7D), Distance : 369 ft
Batting: RHB Warren Willis 0-0: Called Strike
0-1: Foul Ball, location: 2F
0-2: Strikes out swinging, 2-3 out at first.
Batting: LHB Scott Kerin 0-0: Called Strike
0-1: Called Strike
0-2: Ground out 4-3 (Groundball, 4)
Bottom of the 3rd over - 2 run(s), 2 hit(s), 0 error(s), 0 left on base; Connetquot 1 - Louisiana 3
TOP OF THE 4TH
Connetquot Chiefs batting - Pitching for Louisiana Dragoons : RHP António Andrade
Batting: SHB Jim Unknown 0-0: Ball
1-0: Swinging Strike
1-1: Ball
2-1: Called Strike
2-2: Strikes out swinging
Batting: RHB Ed Gambrell 0-0: Called Strike
0-1: Called Strike
0-2: Ball
1-2: Ball
2-2: Strikes out swinging
Batting: SHB Josh Sanders 0-0: Ball
1-0: Fly out, F8 (Flyball, 8LM)
Top of the 4th over - 0 run(s), 0 hit(s), 0 error(s), 0 left on base; Connetquot 1 - Louisiana 3
BOTTOM OF THE 4TH
Louisiana Dragoons batting - Pitching for Connetquot Chiefs : RHP Cooper Myers
Batting: RHB Miklas Boerboom 0-0: Foul Ball, location: 2F
0-1: Ground out 6-3 (Groundball, 6)
Batting: RHB Armando Carmona 0-0: Called Strike
0-1: Ball
1-1: SINGLE (Groundball, 56D)
Batting: RHB Jeremy Boyter 0-0: Ball
1-0: Fly out, F8 (Flyball, 8LS)
Batting: RHB Giuseppe Provolone 0-0: Ball
Armando Carmona is caught stealing 2nd base
Bottom of the 4th over - 0 run(s), 1 hit(s), 0 error(s), 0 left on base; Connetquot 1 - Louisiana 3
TOP OF THE 5TH
Connetquot Chiefs batting - Pitching for Louisiana Dragoons : RHP António Andrade
Batting: LHB Steve Sconiers 0-0: Swinging Strike
0-1: Ball
1-1: Foul Ball, location: 2F
1-2: Ball
2-2: Ground out U3 (Groundball, 34S)
Batting: RHB Emanuel Bree 0-0: Foul Ball, location: 2F
0-1: Ball
1-1: Ball
2-1: Ball
3-1: SINGLE (Line Drive, 7LM)
Batting: RHB Otis Brewer 0-0: Ball
1-0: Swinging Strike
1-1: Fly out, F9 (Flyball, 9S)
Batting: LHB Pedro Colón 0-0: Called Strike
Emanuel Bree steals 2nd base
0-1: Ball
1-1: DOUBLE (Line Drive, 9LM)
Emanuel Bree scores
Batting: RHB Dale Quick 0-0: Ball
1-0: Foul Ball, location: 2F
1-1: Ball
2-1: Ground out 4-3 (Groundball, 4)
Top of the 5th over - 1 run(s), 2 hit(s), 0 error(s), 1 left on base; Connetquot 2 - Louisiana 3
BOTTOM OF THE 5TH
Louisiana Dragoons batting - Pitching for Connetquot Chiefs : RHP Cooper Myers
Batting: RHB Giuseppe Provolone 0-0: Swinging Strike
0-1: Called Strike
0-2: Ground out 4-3 (Groundball, 4)
Batting: RHB Charles Rowell 0-0: Ball
1-0: Fly out, F3 (Line Drive, 34)
Batting: RHB Emmanuele Lucchetti 0-0: Fly out, F7 (Flyball, 78S)
Bottom of the 5th over - 0 run(s), 0 hit(s), 0 error(s), 0 left on base; Connetquot 2 - Louisiana 3
TOP OF THE 6TH
Connetquot Chiefs batting - Pitching for Louisiana Dragoons : RHP António Andrade
Batting: RHB Javier Cordero 0-0: Called Strike
0-1: Ground out 4-3 (Groundball, 4)
Batting: SHB Jim Unknown 0-0: Called Strike
0-1: Swinging Strike
0-2: Fly out, F7 (Flyball, 78M)
Batting: RHB Ed Gambrell 0-0: Ball
1-0: SINGLE (Flyball, 89S)
Batting: SHB Josh Sanders 0-0: Called Strike
0-1: Ball
1-1: Ball
2-1: Fielders Choice at 2nd, 5-4 (Groundball, 56)
Top of the 6th over - 0 run(s), 1 hit(s), 0 error(s), 0 left on base; Connetquot 2 - Louisiana 3
BOTTOM OF THE 6TH
Louisiana Dragoons batting - Pitching for Connetquot Chiefs : RHP Cooper Myers
Batting: RHB Anastasio Hernández 0-0: Fly out, F9 (Flyball, 9S)
Batting: RHB Warren Willis 0-0: Ball
1-0: Foul Ball, location: 2F
1-1: SINGLE (Flyball, 8LS)
Batting: LHB Scott Kerin 0-0: Ball
Warren Willis is caught stealing 2nd base
1-0: Called Strike
1-1: Ball
2-1: Foul Ball, location: 2F
2-2: Strikes out swinging
Bottom of the 6th over - 0 run(s), 1 hit(s), 0 error(s), 0 left on base; Connetquot 2 - Louisiana 3
TOP OF THE 7TH
Connetquot Chiefs batting - Pitching for Louisiana Dragoons : RHP António Andrade
Pitching: RHP Aaron Chapman
Batting: LHB Steve Sconiers 0-0: Fly out, F8 (Flyball, 8RD)
Batting: RHB Emanuel Bree 0-0: SINGLE (Groundball, 34D)
Pinch Hitting: LHB Jim Unknown 0-0: Ball
1-0: Ball
2-0: Foul Ball, location: 2F
2-1: Ball
3-1: Called Strike
3-2: Base on Balls
Emanuel Bree to second
Batting: LHB Pedro Colón 0-0: Ball
Emanuel Bree is caught stealing 3rd base
Jim Unknown to second
1-0: SINGLE (Line Drive, 4M)
Jim Unknown to third
Runner from 3rd tries for Home, SAFE, no throw
Pinch Hitting: RHB Jim Unknown 0-0: Called Strike
0-1: Foul Ball, location: 2F
0-2: Fly out, F2 (Popup, 25)
Top of the 7th over - 1 run(s), 2 hit(s), 0 error(s), 1 left on base; Connetquot 3 - Louisiana 3
BOTTOM OF THE 7TH
Louisiana Dragoons batting - Pitching for Connetquot Chiefs : RHP Cooper Myers
Now in LF: Jim Unknown
Now in CF: Sheldon Deshotels
Batting: RHB Miklas Boerboom 0-0: Called Strike
0-1: Ball
1-1: Fly out, F8 (Flyball, 8RM)
Pinch Hitting: LHB Carlos Pińa 0-0: Foul Ball, location: 2F
0-1: Foul Ball, location: 2F
0-2: Ground out 1-3 (Groundball, 15S)
Batting: RHB Jeremy Boyter 0-0: Ball
1-0: Ball
2-0: Fly out, F9 (Flyball, 9S)
Bottom of the 7th over - 0 run(s), 0 hit(s), 0 error(s), 0 left on base; Connetquot 3 - Louisiana 3
TOP OF THE 8TH
Connetquot Chiefs batting - Pitching for Louisiana Dragoons : RHP Aaron Chapman
Now at SS: Jody Bennett
Pinch Hitting: RHB Jim Unknown 0-0: Ball
1-0: Called Strike
1-1: Ground out 5-3 (Groundball, 56)
Batting: SHB Jim Unknown 0-0: Ball
1-0: Called Strike
1-1: Swinging Strike
1-2: Ball
2-2: Strikes out looking
Pinch Hitting: RHB Jim Unknown 0-0: Called Strike
0-1: Foul Ball, location: 2F
0-2: Foul Ball, location: 2F
0-2: Strikes out swinging
Top of the 8th over - 0 run(s), 0 hit(s), 0 error(s), 0 left on base; Connetquot 3 - Louisiana 3
BOTTOM OF THE 8TH
Louisiana Dragoons batting - Pitching for Connetquot Chiefs : RHP Cooper Myers
Now at 3B: Júlio Flores
Now at SS: Jim Unknown
Batting: RHB Giuseppe Provolone 0-0: Ball
1-0: Called Strike
1-1: Swinging Strike
1-2: Ball
2-2: SINGLE (Groundball, 56) (infield hit)
Pinch Hitting: RHB Armond Merlin 0-0: Sac Bunt - play at first, batter OUT! 2-4
Giuseppe Provolone to second
Batting: RHB Emmanuele Lucchetti 0-0: Ball
1-0: Ball
2-0: Foul Ball, location: 2F
2-1: Foul Ball, location: 2F
2-2: Strikes out swinging
Batting: RHB Anastasio Hernández 0-0: Ball
1-0: Foul Ball, location: 2F
1-1: Fly out, F8 (Flyball, 8RM)
Bottom of the 8th over - 0 run(s), 1 hit(s), 0 error(s), 1 left on base; Connetquot 3 - Louisiana 3
TOP OF THE 9TH
Connetquot Chiefs batting - Pitching for Louisiana Dragoons : RHP Aaron Chapman
Pitching: LHP Drew Cullen
Now at 2B: Armond Merlin
Batting: SHB Josh Sanders 0-0: Called Strike
0-1: Foul Ball, location: 2F
0-2: Ball
1-2: Strikes out swinging passed ball, reaches first!
Batting: LHB Steve Sconiers 0-0: Ball
1-0: Sac Bunt - play at first, batter safe!
Josh Sanders to second
Batting: RHB Emanuel Bree 0-0: Fly out, F8 (Flyball, 8LS)
Pinch Hitting: RHB Enrique García 0-0: Called Strike
0-1: Foul Ball, location: 2F
0-2: Ball
1-2: Foul Ball, location: 2F
1-2: Strikes out swinging
Batting: LHB Pedro Colón 0-0: Fly out, F9 (Flyball, 9LD)
Top of the 9th over - 0 run(s), 1 hit(s), 0 error(s), 2 left on base; Connetquot 3 - Louisiana 3
BOTTOM OF THE 9TH
Louisiana Dragoons batting - Pitching for Connetquot Chiefs : RHP Cooper Myers
Pitching: LHP Mario Hurrado
Now at SS: Carlos Flores
Batting: RHB Warren Willis 0-0: Ball
1-0: Swinging Strike
1-1: Fly out, F8 (Flyball, 8LS)
Batting: LHB Scott Kerin 0-0: Ball
1-0: Ground out U3 (Groundball, 3S)
Pinch Hitting: RHB Rodrigo Rodríguez 0-0: Swinging Strike
0-1: Swinging Strike
0-2: Strikes out swinging
Bottom of the 9th over - 0 run(s), 0 hit(s), 0 error(s), 0 left on base; Connetquot 3 - Louisiana 3
TOP OF THE 10TH
Connetquot Chiefs batting - Pitching for Louisiana Dragoons : LHP Drew Cullen
Now at C: Eduardo Pampin
Batting: RHB Sheldon Deshotels 0-0: Swinging Strike
0-1: Called Strike
0-2: Foul Ball, location: 2F
0-2: Ball
1-2: Strikes out swinging
Batting: RHB Júlio Flores 0-0: Foul Ball, location: 2F
0-1: Swinging Strike
0-2: Ball
1-2: Ground out 5-3 (Groundball, 56)
Batting: SHB Jim Unknown 0-0: Called Strike
0-1: Ball
1-1: Ball
2-1: Swinging Strike
2-2: Strikes out swinging
Top of the 10th over - 0 run(s), 0 hit(s), 0 error(s), 0 left on base; Connetquot 3 - Louisiana 3
BOTTOM OF THE 10TH
Louisiana Dragoons batting - Pitching for Connetquot Chiefs : LHP Mario Hurrado
Batting: RHB Jody Bennett 0-0: Fly out, F6 (Line Drive, 6)
Batting: RHB Jeremy Boyter 0-0: Ball
1-0: Called Strike
1-1: Ball
2-1: Ball
3-1: Base on Balls
Batting: RHB Giuseppe Provolone 0-0: Called Strike
0-1: Foul Ball, location: 2F
0-2: Strikes out swinging
Batting: RHB Armond Merlin 0-0: Ball
Jeremy Boyter steals 2nd base
1-0: Swinging Strike
1-1: Foul Ball, location: 2F
1-2: SINGLE (Line Drive, 4)
Jeremy Boyter to third
Runner from 3rd tries for Home, SAFE, no throw
Friday, December 30th, 2016 - OOTP Baseball 17.12 Build 75